 Dungeon Crawl Stone Soup version 0.26.1-11-gd32895ea62 (webtiles) character file.

Game seed: 8417455063317403307

54244 alexmat1496 the Cleaver (level 14, -1/130 HPs)
             Began as a Deep Dwarf Fighter on May 24, 2021.
             Was the Champion of Makhleb.
             Slain by an ogre mage
             ... wielding a +0 whip
              (7 damage)
             ... while paralysed by an ogre mage
             ... on level 15 of the Dungeon.
             The game lasted 00:56:34 (18452 turns).

alexmat1496 the Cleaver (Deep Dwarf Fighter)       Turns: 18452, Time: 00:56:34

Health: -1/130     AC: 26    Str: 24    XL:     14   Next: 33%
Magic:  11/11      EV:  2    Int: 10    God:    Makhleb [******]
Gold:   1612       SH:  0    Dex: 22    Spells: 13/13 levels left

rFire    + + +     SeeInvis +   a - +11 hand axe of Jing {flame, rPois rF+ Dex+4}
rCold    x . .     Faith    .   c - +1 kite shield
rNeg     + . .     Spirit   .   Z - +2 fire dragon scales
rPois    +         Reflect  .   Y - +0 helmet {SInv}
rElec    .         Harm     .   B - +2 cloak
rCorr    .         Rampage  +   H - +0 pair of gloves
Will     ++...                  K - +0 pair of boots {rampage}
Stlth    +.........             (no amulet)
HPRegen  0.00/turn              r - +4 ring of protection
MPRegen  0.12/turn              Q - +6 ring of dexterity

@: paralysed, non-regenerating
A: damage resistance, heal wounds, negative energy resistance 1, sense
surroundings 2, no regeneration
a: Heal Wounds, Renounce Religion, Minor Destruction, Lesser Servant of Makhleb,
Major Destruction, Greater Servant of Makhleb


You were on level 15 of the Dungeon.
You worshipped Makhleb.
Makhleb was exalted by your worship.
You visited 6 branches of the dungeon, and saw 24 of its levels.
You also visited: Ossuary and Bailey.

You collected 2128 gold pieces.
You spent 516 gold pieces at shops.

Inventory:

Hand Weapons
 a - the +11 hand axe of Jing (weapon) {flame, rPois rF+ Dex+4}
   (You found it on level 6 of the Dungeon)

   It has been specially enchanted to burn those struck by it, causing extra
   injury to most foes and up to half again as much damage against particularly
   susceptible opponents.
   Big, fiery blades are also staple armaments of hydra-hunters.
   It affects your dexterity (+4).
   It protects you from fire.
   It protects you from poison.
 d - a +1 hunting sling
 A - a +0 broad axe
 W - the +1 war axe "Myuzojits" {vamp, *Slow rPois Will++ Dex+2}
   (You found it on level 12 of the Dungeon)

   It inflicts no extra harm, but heals its wielder when it wounds a living foe.
   It affects your dexterity (+2).
   It protects you from poison.
   It affects your willpower, your defense against some magical effects.
   It may slow you when you take damage.
Missiles
 m - 180 sling bullets
Armour
 c - a +1 kite shield (worn)
 q - a scarf of resistance
 x - a +3 chain mail of cold resistance
 B - a +2 cloak (worn)
 H - a +0 pair of gloves (worn)
 I - +0 swamp dragon scales
 K - a +0 pair of boots of rampaging (worn)
 X - a +0 plate armour
 Y - a +0 helmet of see invisible (worn)
 Z - +2 fire dragon scales (worn)
Jewellery
 k - an uncursed ring of willpower
 r - a +4 ring of protection (left hand)
 E - an uncursed ring of poison resistance
 L - an uncursed ring of ice
 Q - a +6 ring of dexterity (right hand)
 R - an uncursed ring of positive energy
 T - an uncursed ring of protection from cold
 U - an uncursed ring of stealth
 V - an uncursed ring of protection from fire
Wands
 o - a wand of random effects (23)
 u - a wand of iceblast (39)
 y - a wand of polymorph (9)
 J - a wand of acid (16)
Scrolls
 e - 2 scrolls of immolation
 h - 10 scrolls of identify
 n - 6 scrolls of remove curse
 s - 4 scrolls of amnesia
 t - 3 scrolls of fog
 w - 7 scrolls of teleportation
 O - a scroll of enchant weapon
 P - a scroll of blinking
 S - a scroll of enchant armour
Potions
 b - a potion of haste
 f - 2 potions of cancellation
 g - 19 potions of curing
 i - 6 potions of might
 j - 5 potions of magic
 l - 4 potions of flight
 p - 3 potions of brilliance
 v - 2 potions of ambrosia
 z - 3 potions of berserk rage
 C - 4 potions of heal wounds
 D - 2 potions of lignification
 F - 2 potions of attraction
 G - 5 potions of mutation
Miscellaneous
 M - a box of beasts
 N - a condenser vane


   Skills:
 * Level 9.8 Fighting
 - Level 14.0 Axes
 * Level 8.0 Slings
 * Level 11.9 Armour
 + Level 4.1 Dodging
 + Level 1.4 Stealth
 * Level 13.0 Shields
 * Level 10.3 Invocations


You had 13 spell levels left.
You didn't know any spells.
Your spell library contained the following spells:

 Spells                   Type           Power        Failure   Level
 Beastly Appendage        Tmut           0%           75%         1
 Sandblast                Erth           0%           75%         1
 Summon Small Mammal      Summ           0%           75%         1
 Call Imp                 Summ           0%           86%         2
 Passwall                 Tmut/Erth      0%           86%         2
 Wereblood                Tmut           0%           86%         2
 Call Canine Familiar     Summ           0%           98%         3
 Confusing Touch          Hex            0%           98%         3
 Gell's Gravitas          Tloc           0%           98%         3
 Spider Form              Tmut/Pois      0%           98%         3
 Stone Arrow              Conj/Erth      0%           98%         3
 Summon Guardian Golem    Hex/Summ       0%           98%         3
 Cause Fear               Hex            0%           100%        4
 Ice Form                 Ice/Tmut       0%           100%        4
 Petrify                  Tmut/Erth      0%           100%        4
 Summon Ice Beast         Ice/Summ       0%           100%        4
 Summon Lightning Spire   Summ/Air       0%           100%        4
 Blade Hands              Tmut           0%           100%        5
 Bolt of Magma            Conj/Fire/Erth 0%           100%        5
 Irradiate                Conj/Tmut      0%           100%        5
 Iskenderun's Battlesphe  Conj           0%           100%        5
 Lee's Rapid Deconstruct  Erth           0%           100%        5
 Metabolic Englaciation   Hex/Ice        0%           100%        5
 Silence                  Hex/Air        0%           100%        5
 Yara's Violent Unravell  Hex/Tmut       0%           100%        5
 Hydra Form               Tmut           0%           100%        6
 Iron Shot                Conj/Erth      0%           100%        6
 Statue Form              Tmut/Erth      0%           100%        6
 Dragon Form              Tmut           0%           100%        7
 Orb of Destruction       Conj           0%           100%        7
 Spellforged Servitor     Conj/Summ      0%           100%        7
 Discord                  Hex            0%           100%        8


Dungeon Overview and Level Annotations

Branches:
Dungeon (15/15)            Temple (1/1) D:6            Lair (4/6) D:11
  Swamp (1/4) Lair:3       Spider (1/4) Lair:3          Orc (2/2) D:12
    Elf (0/3) Orc:2        Vaults (0/5) D:14         Depths (0/5) D:15
Ossuary (visited)          Bailey (visited)

Altars:
Ashenzari
Cheibriados
Dithmenos
Elyvilon
Fedhas
Gozag
Hepliaklqana
Kikubaaqudgha
Makhleb
Nemelex Xobeh
Okawaru
Qazlal
Ru
Sif Muna
Trog
Uskayaw
Vehumet
Wu Jian
Xom
Yredelemnul
Zin
The Shining One

Shops:
D:5 [   D:10 (

Annotations:
D:5 2 transporters
D:14 Roxanne
Lair:3 exclusion: 3 oklob plants


Innate Abilities, Weirdness & Mutations

You are resistant to damage.
You can heal yourself by infusing magical energy.
You resist negative energy. (rN+)
You passively map the area around you.
You do not regenerate.


Message History

You suddenly lose the ability to move!
The ettin hits you but does no damage.
The ettin hits you with a +0 dire flail!!
The ogre mage hits you but does no damage.
The ogre mage hits you but does no damage.
The ettin hits you with a +0 great mace!!
The ettin barely misses you.
The ogre mage hits you but does no damage.
The ogre mage hits you with a +0 whip!
The ettin hits you with a +0 great mace!!
The ettin hits you with a +0 dire flail!!
* * * LOW HITPOINT WARNING * * *
The ogre mage barely misses you.
The ettin hits you with a +0 great mace!
* * * LOW HITPOINT WARNING * * *
The ettin hits you with a +0 dire flail!
* * * LOW HITPOINT WARNING * * *
The ogre mage hits you with a +0 whip. The ogre mage hits you with a +0 whip!
You die...

.#..'....# #.
.#..################# #.
.#..................# #.
.#..................# #.
.#..................# #.
.###############'##### ##
.....................#
......#...........(..#
......#........O@....########
......#........C.##.)..<.....
......#.......#..##....##...
,
.....#...........##.........#
.....)..............(........
.....#.....###+##############
.####.####....., ,, ,, *
.#...#..>#...... * *,
.#.#.....#.##### * * ,


You could see an ettin and an ogre mage (fast).

Vanquished Creatures
  Frances (D:14)
  Snorg (D:13)
  Fannar (Lair:3)
  2 boulder beetles
  2 centaur warriors
  6 hydras
  A death knight (D:14)
  Erica (D:10)
  3 two-headed ogres
  3 alligators
  8 tengu warriors
  Sonja (Orc:1)
  5 skeletal warriors
  A deep troll (D:14)
  2 bog bodies (Lair:3)
  A phantasmal warrior (D:14)
  A lindwurm (D:14)
  Pikel (D:9)
  An orb spider (Spider:1)
  A manticore (D:14)
  5 cyclopes
  2 gargoyles (D:12)
  Maggie (D:8)
  4 cane toads
  4 rime drakes
  3 komodo dragons
  2 ice devils (Lair:3)
  A demonic crawler (Spider:1)
  A freezing wraith (D:14)
  4 trolls
  A harpy skeleton (D:14)
  A polar bear (Lair:3)
  Prince Ribbit (D:8)
  9 blink frogs
  Sigmund (D:6)
  A shadow (D:12)
  A centaur simulacrum (D:12)
  3 redbacks (Spider:1)
  A fire bat (shapeshifter) (D:14)
  4 wyverns
  A basilisk (Lair:1)
  21 yaks
  A basilisk (shapeshifter) (D:14)
  5 vampire mosquitoes (D:14)
  Menkaure (D:6)
  A soldier ant (D:12)
  6 water moccasins
  An ice beast (D:9)
  4 sky beasts
  8 black bears
  14 orc warriors
  3 phantoms
  An eye of draining (D:12)
  6 wolves
  11 ogres
  5 centaurs
  A necrophage (D:9)
  A lemure (D:9)
  Blork the orc (D:6)
  14 bullfrogs
  A wyvern skeleton (D:8)
  3 scorpions
  9 killer bees
  18 wights
  3 howler monkeys
  A lava snake (Lair:3)
  2 bullfrog zombies
  A quasit (D:11)
  3 centaur zombies
  3 jellies
  12 orc priests
  5 centaur skeletons
  2 gnoll shamans
  A bullfrog skeleton (D:7)
  11 hounds
  13 orc wizards
  6 iguanas
  13 worker ants
  2 big kobold zombies (Ossuary)
  3 mummies
  A hound skeleton (D:6)
  A hound zombie (D:8)
  A howler monkey zombie (D:9)
  8 gnolls
  15 adders
  A shadow imp (D:7)
  2 white imps
  An ufetubus (D:9)
  6 adder zombies (Ossuary)
  An adder skeleton (D:9)
  8 worms
  2 dart slugs
  4 leopard geckos
  70 orcs
  9 giant cockroaches
  10 goblins
  6 hobgoblins
  2 jackals (D:1)
  2 quokkas
  2 ball pythons
  5 bats
  3 frilled lizards
  3 gnoll zombies (Ossuary)
  4 hobgoblin zombies (Ossuary)
  2 jackal skeletons
  A jackal zombie (D:6)
  10 kobolds
  9 kobold zombies (Ossuary)
  5 orc zombies (Ossuary)
  6 rats
511 creatures vanquished.

Vanquished Creatures (others)
  8 fungi
  29 plants
37 creatures vanquished.

Grand Total: 548 creatures vanquished

Notes
Turn   | Place    | Note
-------+----------+-------------------------------------------
     0 | D:1      | alexmat1496 the Deep Dwarf Fighter began the quest for the
                  | Orb.
     0 | D:1      | Reached XP level 1. HP: 20/20 MP: 1/1
   259 | D:1      | Reached XP level 2. HP: 27/27 MP: 2/2
  1158 | D:1      | Reached XP level 3. HP: 33/34 MP: 3/3
  1444 | D:2      | Reached XP level 4. HP: 35/42 MP: 4/4
  1508 | D:2      | Reached skill level 1 in Slings
  1627 | D:2      | You fall into a shaft and drop 1 floor!
  2113 | D:3      | Reached XP level 5. HP: 45/49 MP: 5/5
  2122 | D:3      | Reached skill level 3 in Axes
  2391 | D:3      | Reached XP level 6. HP: 36/56 MP: 6/6
  2664 | D:4      | Reached skill level 4 in Axes
  2717 | D:4      | Reached skill level 1 in Dodging
  2732 | D:4      | Reached XP level 7. HP: 32/63 MP: 6/6
  2888 | D:4      | Reached skill level 5 in Axes
  2888 | D:4      | Reached skill level 5 in Armour
  3243 | D:5      | Entered Level 5 of the Dungeon
  3405 | D:5      | Found Jaareu's Antique Armour Emporium.
  3666 | D:5      | Reached skill level 6 in Axes
  3666 | D:5      | Reached skill level 5 in Shields
  3737 | D:5      | Found a transporter.
  3740 | D:5      | Noticed a vampire mosquito
  3742 | D:5      | Noticed a troll
  3744 | D:5      | Found a transporter.
  3750 | D:5      | Found a white marble altar of Elyvilon.
  3905 | D:6      | Found a hazy altar of Hepliaklqana.
  3993 | D:5      | Bought a runed chain mail for 172 gold pieces
  4029 | D:6      | Found a broken altar of Ashenzari.
  4074 | D:6      | Reached XP level 8. HP: 59/72 MP: 6/6
  4114 | D:6      | Found a staircase to the Ecumenical Temple.
  4134 | Temple   | Entered the Ecumenical Temple
  4177 | Temple   | Became a worshipper of Makhleb the Destroyer
  4355 | D:6      | Noticed Menkaure
  4368 | D:6      | Killed Menkaure
  4381 | D:6      | Found a broken altar of Ashenzari.
  4387 | D:6      | Noticed Sigmund
  4392 | D:6      | Killed Sigmund
  4393 | D:6      | Reached skill level 7 in Axes
  4393 | D:6      | Reached skill level 1 in Invocations
  4532 | D:6      | Noticed Blork the orc
  4535 | D:6      | Killed Blork the orc
  4547 | D:6      | Got a fine ring mail
  4558 | D:6      | Identified the +3 ring mail of Idiofrex {rC+} (You found it
                  | on level 6 of the Dungeon)
  4906 | D:6      | Got a slimy hand axe
  4907 | D:6      | Identified the +11 hand axe of Jing {flame, rPois rF+
                  | Dex+4} (You found it on level 6 of the Dungeon)
  5133 | D:7      | Gained mutation: You passively map the area around you.
                  | [Deep Dwarf growth]
  5133 | D:7      | Reached XP level 9. HP: 48/79 MP: 7/7
  5161 | D:7      | Found a shadowy altar of Dithmenos.
  5161 | D:7      | Found an ornate altar of the Wu Jian Council.
  5161 | D:7      | Found an ancient bone altar of Kikubaaqudgha.
  5201 | D:7      | Reached skill level 5 in Fighting
  5201 | D:7      | Reached skill level 8 in Axes
  5265 | D:5      | Bought a glowing cloak for 172 gold pieces
  5408 | D:7      | Reached * piety under Makhleb
  5629 | D:8      | Found a sand-covered staircase.
  5638 | Ossuary  | Entered an ossuary
  5765 | Ossuary  | Reached ** piety under Makhleb
  6029 | D:8      | Reached skill level 9 in Axes
  6149 | D:8      | Noticed Prince Ribbit
  6157 | D:8      | Killed Prince Ribbit
  6281 | D:8      | Got a jewelled ring mail
  6292 | D:8      | Identified the +2 ring mail of Summer {rPois Will+ Int-5
                  | Dex+3} (You found it on level 8 of the Dungeon)
  6479 | D:8      | Noticed Maggie
  6494 | D:8      | Killed Maggie
  6583 | D:9      | Reached XP level 10. HP: 70/88 MP: 9/9
  6676 | D:9      | Reached skill level 10 in Axes
  6700 | D:9      | Reached skill level 5 in Invocations
  6827 | D:9      | Noticed Pikel
  6860 | D:9      | Killed Pikel
  6900 | D:9      | Reached *** piety under Makhleb
  7263 | D:10     | Entered Level 10 of the Dungeon
  7322 | D:10     | Noticed Erica
  7508 | D:10     | Killed Erica
  7509 | D:10     | Reached skill level 11 in Axes
  7707 | D:5      | Bought a pair of glowing boots for 172 gold pieces
  7805 | D:10     | Found Ywniod's Weapon Emporium.
  8079 | D:10     | Reached XP level 11. HP: 72/96 MP: 10/10
  8191 | D:10     | Reached **** piety under Makhleb
  8697 | D:11     | Found a staircase to the Lair.
  9264 | Lair:1   | Entered Level 1 of the Lair of Beasts
  9670 | Lair:1   | Noticed a four-headed hydra
  9674 | Lair:1   | Killed a one-headed hydra
 10348 | Lair:2   | Noticed a six-headed hydra
 10358 | Lair:2   | Killed a one-headed hydra
 10415 | Lair:2   | Reached skill level 12 in Axes
 10506 | Lair:2   | Noticed an eight-headed hydra
 10515 | Lair:2   | Killed a three-headed hydra
 10516 | Lair:2   | Reached skill level 1 in Stealth
 10544 | Lair:2   | Reached skill level 5 in Slings
 10556 | Lair:2   | Reached XP level 12. HP: 109/109 MP: 12/12
 11222 | Lair:3   | Noticed Fannar
 11246 | Lair:3   | Killed Fannar
 11247 | Lair:3   | Reached skill level 10 in Armour
 11306 | Lair:3   | Noticed a seven-headed hydra
 11321 | Lair:3   | Killed a one-headed hydra
 11322 | Lair:3   | Reached skill level 10 in Shields
 11461 | Lair:3   | Found a frozen archway.
 11600 | Lair:3   | Reached ***** piety under Makhleb
 11606 | Lair:3   | Found a staircase to the Swamp.
 11625 | Lair:3   | Found a hole to the Spider Nest.
 12070 | Swamp:1  | Entered Level 1 of the Swamp
 12070 | Swamp:1  | Noticed an alligator
 12070 | Swamp:1  | Noticed an alligator
 12085 | Lair:3   | Killed an alligator
 12086 | Lair:3   | Reached skill level 13 in Axes
 12099 | Swamp:1  | Killed an alligator
 12102 | Swamp:1  | Noticed an alligator
 12103 | Swamp:1  | Noticed a fenstrider witch
 12103 | Swamp:1  | Noticed an alligator
 12126 | Lair:3   | Killed an alligator
 12152 | Spider:1 | Entered Level 1 of the Spider Nest
 13559 | D:12     | Found a staircase to the Orcish Mines.
 13584 | D:12     | Reached XP level 13. HP: 118/118 MP: 11/11
 13838 | D:12     | Got a glimmering war axe
 14304 | Orc:1    | Entered Level 1 of the Orcish Mines
 14338 | Orc:1    | Noticed Sonja
 14479 | Orc:1    | Killed Sonja
 14520 | Orc:1    | Identified the cursed +1 war axe "Myuzojits" {vamp, *Slow
                  | rPois Will++ Dex+2} (You found it on level 12 of the
                  | Dungeon)
 14591 | Orc:1    | Found a flagged portal.
 14688 | Bailey   | Entered a bailey
 15367 | Orc:2    | Entered Level 2 of the Orcish Mines
 15367 | Orc:2    | Found a staircase to the Elven Halls.
 15387 | Orc:2    | Noticed an orc warlord
 16143 | D:13     | Reached skill level 14 in Axes
 16536 | D:13     | Reached ****** piety under Makhleb
 17131 | D:14     | Identified Roxanne's Volume of Clay
 17131 | D:14     | Noticed Roxanne
 17280 | D:14     | Noticed Snorg
 17313 | D:13     | Killed Snorg
 17467 | D:14     | Gained mutation: You resist negative energy. (rN+) [Deep
                  | Dwarf growth]
 17467 | D:14     | Reached XP level 14. HP: 129/129 MP: 12/12
 17513 | D:14     | Reached skill level 10 in Invocations
 17649 | D:14     | Found a gate to the Vaults.
 17877 | D:14     | Noticed Frances
 17893 | D:14     | Killed Frances
 18004 | D:15     | Entered Level 15 of the Dungeon
 18433 | D:15     | Found a staircase to the Depths.
 18447 | D:15     | Paralysed by an ogre mage for 7 turns
 18451 | D:15     | HP: 6/130 [ettin/+0 great mace (10)]
 18452 | D:15     | Slain by an ogre mage

Illustrated notes

Levels and vault maps discovered:
D:1:      lemuel_arrival_hallway, layout_basic
D:2:      layout_basic
D:3:      layout_rooms, st_stairs_8
D:4:      layout_cave_pools
D:5:      layout_loops_ring, gammafunk_temple_overflow_arena, serial_shops, shop
D:6:      layout_loops_cross, ashenzari_conservatory_becter,
          nicolae_overflow_crystal_walls, minmay_temple_entry_overgrown,
          basic_altar, uniq_menkaure, uniq_blork_the_orc, uniq_sigmund
D:7:      layout_basic, gammafunk_temple_overflow_claw
D:8:      layout_basic, gup_ossuary_entry_pyramid, uniq_maggie,
          uniq_prince_ribbit1
D:9:      layout_loops_ring, uniq_pikel
D:10:     layout_basic, serial_shops, shop, uniq_erica
D:11:     layout_basic, minmay_lair_entry_grove
D:12:     layout_gridville, orc_0_dummy
D:13:     layout_loops_corners
D:14:     layout_irregular_city, david_vaults_4, chequers_serial_rivers_micro_d,
          uniq_frances, uniq_roxanne, uniq_snorg
D:15:     hangedman_depths_entry_civil_slaughter, layout_stronghold,
          serial_park_tiny_2, uniq_kirke, uniq_agnes
Temple:   nicolae_temple_elliptical
Lair:1:   layout_small_grid
Lair:2:   layout_layer_cave
Lair:3:   layout_gridlike, skrybe_swamp_entry_bodies,
          nicolae_spider_entry_non_spiders, portal_ice_cave_demonic_guard,
          minmay_lair_oklob_chamber, uniq_fannar
Lair:4:   layout_loops_ring
Swamp:1:  layout_falls_marsh, infiniplex_staircase_pool
Spider:1: layout_spider_delve
Orc:1:    layout_caves, enter_bailey_2, statue_in_the_mist_lemuel,
          mines2_lemuel, uniq_sonja
Orc:2:    grunt_orc_cross, layout_diamond_mine, basic_altar

Skill      XL: |  1  2  3  4  5  6  7  8  9 10 11 12 13 14 |
---------------+-------------------------------------------+-----
Fighting       | 3 4 5 6 7 8 9 |  9.8
Armour         | 4 5 6 7 8 9 10 11 | 11.9
Slings         | 1 2 3 5 6 7 8 |  8.0
Shields        | 4 5 6 7 8 9 10 12 13 | 13.0
Axes           | 3 4 6 7 9 11 12 13 14 | 14.0
Dodging        | 1 2 3 4 |  4.1
Invocations    | 2 4 5 7 8 9 10 | 10.3
Stealth        | 1 |  1.4

Action                   |  1- 3 |  4- 6 |  7- 9 | 10-12 | 13-15 || total
-------------------------+-------+-------+-------+-------+-------++-------
Melee: War axe           |    62 |   186 |   131 |       |       ||   379
       Hand axe          |       |       |   187 |   652 |   556 ||  1395
 Fire: Hunting sling     |    64 |       |     7 |     5 |     5 ||    81
 Abil: Heal Wounds       |     1 |     7 |    13 |    11 |     6 ||    38
  Use: Scroll            |     3 |     5 |       |    21 |     2 ||    31
       Potion            |       |       |       |       |     1 ||     1
Armor: Scale mail        |    46 |    73 |    29 |       |       ||   148
       Chain mail        |       |       |    74 |   235 |    62 ||   371
       Fire dragon scale |       |       |       |       |   142 ||   142
Dodge: Dodged            |    42 |    73 |    73 |   135 |   146 ||   469
Block: Kite shield       |    60 |   124 |   180 |   327 |   386 ||  1077
